 Dungeon Crawl Stone Soup version 0.27-a0-760-gc38aae387d (webtiles) character file.

Game seed: 3675912011909865051

130 polve the Insei (level 4, -6/35 HPs)
             Began as a Demonspawn Abyssal Knight on Mar 24, 2021.
             Was a Follower of Lugonu.
             Mangled by an orc warrior
             ... wielding a +0 dire flail
              (8 damage)
             ... on level 3 of the Dungeon.
             The game lasted 00:01:41 (3506 turns).

polve the Insei (Demonspawn Abyssal Knight)         Turns: 3506, Time: 00:01:42

Health: -6/35      AC:  8    Str: 12    XL:     4   Next: 89%
Magic:  5/5        EV:  5    Int: 14    God:    Lugonu [*.....]
Gold:   92         SH:  0    Dex: 13    Spells: 3/3 levels left

rFire    . . .     SeeInvis .     - Unarmed
rCold    . . .     Faith    .   (no shield)
rNeg     . . .     Spirit   .   a - +0 chain mail
rPois    .         Reflect  .   (no helmet)
rElec    .         Harm     .   (no cloak)
rCorr    .         Rampage  .   (no gloves)
Will     .....                  (no boots)
Stlth    ..........             (no amulet)
HPRegen  0.11/turn              h - ring of wizardry
MPRegen  0.09/turn              i - ring of flight

@: no status effects
A: claws 2
a: Renounce Religion, Evoke Flight, Depart the Abyss


You were on level 3 of the Dungeon.
You worshipped Lugonu.
Lugonu was aware of your devotion.
You visited 1 branch of the dungeon, and saw 3 of its levels.
You visited the Abyss 1 time.

You collected 92 gold pieces.

Inventory:

Armour
 a - a +0 chain mail (worn)
Jewellery
 h - a ring of wizardry (right claw)
 i - a ring of flight (left claw)
Scrolls
 d - a scroll of torment {unknown}
 e - 2 scrolls of teleportation {unknown}
 f - a scroll of identify {unknown}
 j - a scroll of summoning {unknown}
Potions
 c - 2 potions of might {unknown}
 g - 2 potions of invisibility {unknown}
 k - 3 potions of curing {unknown}


   Skills:
 - Level 3.0 Fighting
 - Level 2.5 Long Blades
 - Level 1.7 Armour
 - Level 0.8 Dodging
 + Level 3.7 Unarmed Combat
 - Level 2.4 Invocations


You had 3 spell levels left.
You didn't know any spells.
Your spell library contained the following spells:

 Spells                   Type           Power      Damage    Failure   Level
 Animate Skeleton         Necr           0%         N/A       99%         1
 Apportation              Tloc           0%         N/A       99%         1
 Corona                   Hex            0%         N/A       99%         1
 Summon Small Mammal      Summ           0%         N/A       99%         1


Dungeon Overview and Level Annotations

Branches:
Dungeon (3/15)

Altars:

Shops:
D:1 (


Innate Abilities, Weirdness & Mutations

You have very sharp fingernails.


Message History

The orc priest calls down the wrath of Beogh upon you.
Pain shoots through your body!
You closely miss the orc priest.
The orc priest is almost dead.
The orc priest hits you but does no damage.
You scratch the orc priest.
You kill the orc priest!
Lugonu accepts your kill.
No target in view!
No target in view!
No target in view!
No target in view!
No target in view!
No target in view!
Things that are here:
a +0 dagger; a +0 leather armour 2 orcs and an orc warrior come into view.
The orc warrior shouts!
The orc shouts!
Found a gold piece.
There are monsters nearby!
There are monsters nearby!
There are monsters nearby!
Found a stone staircase leading down.
You scratch the orc warrior.
The orc warrior is lightly wounded.
The orc warrior hits you with a +0 dire flail!
You scratch the orc warrior but do no damage.
The orc warrior is lightly wounded.
The orc warrior hits you with a +0 dire flail!
Your chain mail prevents you from hitting the orc warrior.
The orc warrior is lightly wounded.
The orc warrior hits you with a +0 dire flail!
You scratch the orc warrior but do no damage.
The orc warrior is lightly wounded.
The orc warrior hits you with a +0 dire flail!
* * * LOW HITPOINT WARNING * * *
You scratch the orc warrior but do no damage.
The orc warrior is lightly wounded.
The orc warrior hits you with a +0 dire flail!
You die...

#####.........#
#.........##### ..
#.#######.###.###...
#.##.<..............
#.##.#####.##..##...
#).#.#####.##....#
#..#.......###.#.#
#.#..######### ...#
#....@ooo..$> ....
############# ####.
.#


You could see an orc warrior and 2 orcs.

Vanquished Creatures
  An orc priest (D:3)
  Jessica (D:2)
  2 adders
  A worm (D:2)
  4 orcs (D:3)
  4 ball pythons
  4 bats
  2 endoplasms
  6 giant cockroaches
  3 goblins
  3 hobgoblins (D:2)
  5 jackals
  4 kobolds
  2 quokkas
  A frilled lizard (D:3)
  3 rats
46 creatures vanquished.

Notes
Turn   | Place    | Note
-------+----------+-------------------------------------------
     0 | Abyss:1  | polve the Demonspawn Abyssal Knight began the quest for the
                  | Orb.
     0 | Abyss:1  | Reached XP level 1. HP: 18/18 MP: 2/2
    60 | Abyss:1  | Found a corrupted altar of Lugonu.
    74 | Abyss:1  | Found a corrupted altar of Lugonu.
   123 | Abyss:1  | Noticed an orange demon
   125 | D:1      | Escaped the Abyss
   303 | D:1      | Gained mutation: You have sharp fingernails. [demonic
                  | ancestry]
   303 | D:1      | Reached XP level 2. HP: 23/24 MP: 3/3
   307 | D:1      | Reached * piety under Lugonu
   669 | D:1      | Reached skill level 1 in Unarmed Combat
  1225 | D:1      | Found Veikauryvi's Weapon Boutique.
  1417 | D:2      | Gained mutation: You have very sharp fingernails. [demonic
                  | ancestry]
  1417 | D:2      | Reached XP level 3. HP: 25/29 MP: 4/4
  1831 | D:2      | Noticed Jessica
  1845 | D:2      | Killed Jessica
  1846 | D:2      | Reached XP level 4. HP: 7/35 MP: 5/5
  3500 | D:3      | Noticed an orc warrior
  3506 | D:3      | Mangled by an orc warrior

Illustrated notes

Levels and vault maps discovered:
D:1:      nicolae_arrival_somewhat_less_tricky_arrival, layout_loops_ring,
          serial_shops, nicolae_shop_competitors_out_of_business,
          minmay_misc_feat_enclosed
D:2:      minmay_alternating_diamond, layout_loops_cross,
          amcnicky_mini_corridor_feature, uniq_jessica
D:3:      layout_basic, serial_rivers, chequers_serial_rivers_micro_e,
          chequers_serial_rivers_micro_d, chequers_serial_rivers_large_b,
          chequers_serial_rivers_micro_a, chequers_serial_rivers_micro_c,
          grunt_decor_junction

Skill      XL: |  1  2  3  4 |
---------------+-------------+-----
Long Blades    | 2 |  2.5
Unarmed Combat | 1 2 3 |  3.7
Fighting       | |  3.0
Armour         | |  1.7
Dodging        | |  0.8
Invocations    | |  2.4

Action                   |  1- 3 |  4- 6 || total
-------------------------+-------+-------++-------
Melee: Falchion          |    79 |    18 ||    97
       Unarmed           |       |    65 ||    65
Invok: Depart the Abyss  |     1 |       ||     1
Armor: Leather armour    |    32 |     7 ||    39
       Chain mail        |       |    37 ||    37
Dodge: Dodged            |    57 |    29 ||    86
       Rpst.: Falchion   |    22 |     5 ||    27

Table legend: (Time is in decaauts)
 A = Elapsed time spent in this place.
 B = Non-inter-level travel time spent in this place.
 C = Inter-level travel time spent in this place.
 D = Time resting spent in this place.
 E = Time spent auto-exploring this place.
 F = Levels seen in this place.
 G = Mean time per level.
                   A        B        C        D        E       F      G
               +--------+--------+--------+--------+--------+-----+--------+
         Total |   3518 |   3477 |     41 |      0 |   3134 |   4 |  879.5 |
       Dungeon |   3393 |   3352 |     41 |      0 |   3012 |   3 | 1131.0 |
         Abyss |    125 |    125 |      0 |      0 |    122 |   1 |  125.0 |
               +--------+--------+--------+--------+--------+-----+--------+

Top non-repeatable levels by time:
     D:2: 1394 daAuts
     D:1: 1254 daAuts
     D:3: 744 daAuts
 Abyss:1: 125 daAuts
